 Dungeon Crawl Stone Soup version 0.30.0 (webtiles) character file.

Game seed: 3156913913919809389

27362 AnyaLaVert the Severer (level 13, -8/118 HPs)
             Began as a Hill Orc Fighter on Jan 13, 2024.
             Shot with an arrow by Nessos (18 damage)
             ... on level 4 of the Lair of Beasts.
             The game lasted 00:32:52 (13115 turns).

AnyaLaVert the Severer (Hill Orc Fighter)          Turns: 13115, Time: 00:32:52

Health: -8/118     AC: 15    Str: 30    XL:     13   Next: 31%
Magic:  13/13      EV: 17    Int:  7    God:
Gold:   1050       SH:  5    Dex: 10    Spells: 12/12 levels left

rFire   . . .        A - +6 executioner's axe (vamp)
rCold   . . .        (shield currently unavailable)
rNeg    + + +        I - +3 scale mail of Wephit {rN+ Int+2}
rPois   .            (no helmet)
rElec   .            t - +0 cloak
rCorr   .            (no gloves)
SInv    .            K - +1 pair of boots
Will    .....        F - amulet "Desanixt" {Reflect +Inv rN++ Int-3 SH+5 Stlth-} Stlth
                     L - +6 ring of strength
HPRegen 0.39/turn    B - +5 ring of evasion
MPRegen 0.13/turn

%: reflection
@: lethally poisoned (-8 -> -75), invisible
A: no striking features
a: Evoke Invisibility


You were on level 4 of the Lair of Beasts.
You visited 3 branches of the dungeon, and saw 16 of its levels.

You collected 1050 gold pieces.

Inventory:

Hand Weapons
 b - a +3 war axe of freezing
 A - a +6 vampiric executioner's axe (weapon)
Missiles
 y - 2 throwing nets
Armour
 m - an orb of light
 p - the orb of the Clam {mayhem, Harm rN+}
   (You found it on level 4 of the Dungeon)

   rN:        It protects you from negative energy.
   Harm:      It increases damage dealt and taken.
 q - +2 ice dragon scales
 t - a +0 cloak (worn)
 v - an orb of wrath
 I - the +3 scale mail of Wephit (worn) {rN+ Int+2}
   (You found it on level 9 of the Dungeon)

   Int:       It affects your intelligence (+2).
   rN:        It protects you from negative energy.
 K - a +1 pair of boots (worn)
Magical Staves
 o - the staff of fire "Petaih" {rElec rPois rF+ Str+3 Dex+6}
   (You found it on level 3 of the Dungeon)

   [staff of fire]

   Base accuracy: +5 Base damage: 5 Base attack delay: 1.2 This weapon's minimum
   attack delay (0.6) is reached at skill level 12.
   Str:       It affects your strength (+3).
   Dex:       It affects your dexterity (+6).
   rF:        It protects you from fire.
   rElec:     It insulates you from electricity.
   rPois:     It protects you from poison.
   It falls into the 'Staves' category.
   It is a one-handed weapon.
Jewellery
 x - a +6 ring of dexterity
 B - a +5 ring of evasion (right hand)
 E - a +4 ring of protection
 F - the amulet "Desanixt" (around neck) {Reflect +Inv rN++ Int-3 SH+5 Stlth-}
   (You found it on level 10 of the Dungeon)

   [amulet of reflection]

   It reflects blocked missile attacks.
   Int:       It affects your intelligence (-3).
   rN:        It greatly protects you from negative energy.
   +Inv:      It lets you turn invisible.
   SH:        It affects your SH (+5).
   Stlth:     It makes you less stealthy.
 H - an amulet of regeneration
 L - a +6 ring of strength (left hand)
 O - a +5 ring of evasion
Wands
 h - a wand of flame (6)
 k - a wand of roots (7)
 n - a wand of mindburst (19) (quivered)
 D - a wand of polymorph (12)
 G - a wand of acid (3)
Scrolls
 a - a scroll of silence
 i - 9 scrolls of teleportation
 s - a scroll of fog
 C - a scroll of brand weapon
 J - a scroll of magic mapping
Potions
 c - a potion of berserk rage
 d - 3 potions of might
 e - 3 potions of curing
 f - 3 potions of mutation
 j - 3 potions of flight
 l - a potion of resistance
 r - 4 potions of lignification
 u - 5 potions of heal wounds
 w - a potion of haste
 z - a potion of ambrosia
 M - a potion of cancellation
Miscellaneous
 N - a phantom mirror


   Skills:
 + Level 12.0 Fighting
 + Level 20.5 Axes
 + Level 10.2 Armour
 + Level 4.5 Dodging
 + Level 1.9 Stealth
 + Level 6.6 Shields


You had 12 spell levels left.
You didn't know any spells.
Your spell library contained the following spells:

 Spells                   Type           Power      Damage    Failure   Level
 Freeze                   Ice            0%         1d3       63%         1
 Ensorcelled Hibernation  Hex/Ice        0%         N/A       77%         2
 Lesser Beckoning         Tloc           0%         N/A       77%         2
 Passwall                 Tmut/Erth      0%         N/A       77%         2
 Frozen Ramparts          Ice            0%         1d1       94%         3
 Gell's Gravitas          Tloc           0%         N/A       94%         3
 Hailstorm                Conj/Ice       0%         3d3       94%         3
 Portal Projectile        Hex/Tloc       0%         N/A       94%         3
 Swiftness                Air            0%         N/A       94%         3
 Teleport Other           Tloc           0%         N/A       94%         3
 Tukima's Dance           Hex            0%         N/A       94%         3
 Vhi's Electric Charge    Tloc/Air       0%         N/A       94%         3
 Arcjolt                  Conj/Air       0%         1d10      100%        5
 Blade Hands              Tmut           0%         N/A       100%        5
 Maxwell's Capacitive Co  Air            0%         ∞         100%        8


Dungeon Overview and Level Annotations

Branches:
Dungeon (11/15)            Temple (0/1) D:5            Lair (4/5) D:11
  Swamp (1/4) Lair:2       Spider (0/4) Lair:3        Slime (0/5) Lair:4
    Orc (0/2) D:10

Altars:
Cheibriados
Dithmenos
Elyvilon
Fedhas
Qazlal
Ru
Uskayaw
Yredelemnul
Jiyva

Shops:
D:10 :

Annotations:
Lair:4 Nessos
Swamp:1 Josephine, Louise, Nikola


Message History

Nessos mumbles some strange words.
Nessos seems to speed up.
Nessos mumbles some strange words.
Nessos blinks!
Nessos wields a +3 longbow of flaming.
It bursts into flame!
Nessos shoots an arrow.
The arrow closely misses you.
Nessos gestures wildly while chanting.
Nessos blinks!
You open the door.
Nessos shoots an arrow.
The arrow closely misses you.
Nessos stands on their hind legs for a moment.
Nessos shoots an arrow.
The arrow hits you. The arrow burns you.
You are poisoned.
Nessos shoots an arrow.
The arrow hits you! The arrow burns you!
You are more poisoned.
You hear a roar!
An eight-headed hydra comes into view.
You feel extremely sick.
The eight-headed hydra roars!
Nessos intently looks at you, slowly moving their tail.
Nessos shoots an arrow.
The arrow hits you! The arrow burns you!
You are more poisoned.
Nessos shoots an arrow.
The arrow hits you! The arrow burns you.
You are more poisoned.
Nessos shoots an arrow.
The arrow hits you.
* * * LOW HITPOINT WARNING * * *
The arrow burns you.
* * * LOW HITPOINT WARNING * * *
The eight-headed hydra moves out of view.
You feel much better.
You feel extremely sick.
Nessos shoots an arrow.
The arrow hits you!
* * * LOW HITPOINT WARNING * * *
The arrow burns you.
You are more poisoned.
* * * LOW HITPOINT WARNING * * *
Nessos shoots an arrow.
The arrow barely misses you.
You fade into invisibility!
* * * LOW HITPOINT WARNING * * *
You feel extremely sick.
Nessos shoots an arrow.
The arrow hits you!!
You die...

# #####P..## # #..P## #. #
#P.## .#+ #...# .... #
###..###### #...
#.#P...##...#####..
#....>......##.#.+
#...........#....#
...+..........'.@.c#
#.............#.###.......
...............## P......
#..............# .......
.....[........## .....§.
.....#....#.### #.#####
...#.#.###### ## ####...


You could see Nessos (fast, unable to see you).

Vanquished Creatures
  Fannar (D:11)
  2 hydras
  A centaur warrior (D:11)
  3 boulder beetles
  A two-headed ogre (D:8)
  3 death yaks (Lair:4)
  A spriggan (Swamp:1)
  3 skysharks (Lair:3)
  Pikel (D:6)
  A black mamba (Lair:2)
  5 elephants (Lair:4)
  6 cane toads
  3 komodo dragons
  4 trolls
  A meliai (Lair:3)
  A hornet (Swamp:1)
  7 blink frogs
  A polar bear (Lair:2)
  Sigmund (D:4)
  2 wraiths
  5 wyverns
  4 basilisks
  18 yaks
  A vampire mosquito (Swamp:1)
  2 steam dragons
  Edmund (D:4)
  7 water moccasins
  2 acid dragons (D:11)
  A swamp worm (Swamp:1)
  Duvessa (D:6)
  7 orc warriors
  2 black bears
  3 sky beasts (D:8)
  2 ogres
  3 centaurs
  2 lemures (D:6)
  A kobold brigand (D:7)
  6 bullfrogs
  4 scorpions
  19 wights
  Dowan (D:6)
  8 killer bees
  7 howler monkeys
  A hound (D:5)
  5 orc priests
  A gnoll bouda (D:5)
  6 jellies
  5 sleepcaps
  3 iguanas (D:5)
  8 orc wizards
  5 gnolls (D:5)
  4 adders
  A white imp (D:5)
  A worm (D:2)
  31 orcs
  12 ball pythons
  12 endoplasms
  5 giant cockroaches
  7 goblins
  5 hobgoblins
  9 jackals
  18 kobolds
  4 quokkas
  A bat (D:2)
  3 frilled lizards
  2 rats
304 creatures vanquished.

Vanquished Creatures (others)
  A bunyip (Swamp:1)
  Erolcha (D:11)
  A goliath frog (Swamp:1)
  A bloated husk (Swamp:1)
  5 wraiths (Swamp:1)
  2 vampire mosquitoes (Swamp:1)
  A swamp worm (Swamp:1)
  16 fungi
  10 plants
  8 toadstools (D:4)
46 creatures vanquished.

Grand Total: 350 creatures vanquished

Notes
Turn   | Place    | Note
-------+----------+-------------------------------------------
     0 | D:1      | AnyaLaVert the Hill Orc Fighter began the quest for the
                  | Orb.
     0 | D:1      | Reached XP level 1. HP: 19/19 MP: 1/1
   327 | D:1      | Reached XP level 2. HP: 27/27 MP: 2/2
   336 | D:1      | Reached skill level 3 in Axes
   785 | D:1      | Reached XP level 3. HP: 33/33 MP: 3/3
  1426 | D:2      | Reached XP level 4. HP: 40/40 MP: 4/4
  1634 | D:2      | Found a faded altar of an unknown god.
  1995 | D:3      | Reached skill level 4 in Axes
  2060 | D:3      | Found a basalt altar of Yredelemnul.
  2110 | D:3      | Identified the staff of fire "Petaih" {rElec rPois rF+
                  | Str+3 Dex+6}
  2495 | D:3      | Reached XP level 5. HP: 46/46 MP: 5/5
  2767 | D:4      | Reached skill level 5 in Axes
  2769 | D:4      | Found a sacrificial altar of Ru.
  2806 | D:4      | Noticed Sigmund
  2827 | D:4      | Killed Sigmund
  2828 | D:4      | Reached skill level 6 in Axes
  2828 | D:4      | Reached XP level 6. HP: 29/53 MP: 6/6
  2924 | D:4      | Noticed Edmund
  2934 | D:4      | Killed Edmund
  2935 | D:4      | Reached skill level 7 in Axes
  2935 | D:4      | Reached skill level 1 in Dodging
  2935 | D:4      | Reached XP level 7. HP: 50/60 MP: 7/7
  3594 | D:4      | Identified the orb of the Clam {mayhem, Harm rN+}
  3633 | D:4      | Reached skill level 5 in Armour
  3826 | D:5      | Entered Level 5 of the Dungeon
  4072 | D:5      | Reached skill level 5 in Fighting
  4072 | D:5      | Reached skill level 8 in Axes
  4318 | D:5      | Reached XP level 8. HP: 35/68 MP: 8/8
  4329 | D:5      | Reached skill level 9 in Axes
  4592 | D:5      | Found a staircase to the Ecumenical Temple.
  4960 | D:6      | Reached skill level 10 in Axes
  5110 | D:6      | Noticed Duvessa
  5110 | D:6      | Noticed Dowan
  5121 | D:6      | Killed Dowan
  5124 | D:6      | Killed Duvessa
  5125 | D:6      | Reached XP level 9. HP: 52/75 MP: 9/9
  5197 | D:6      | Identified a scroll of acquirement
  5197 | D:6      | Acquired a +5 vampiric executioner's axe
  5285 | D:6      | Noticed Pikel
  5299 | D:6      | Killed Pikel
  5300 | D:6      | Reached skill level 11 in Axes
  5657 | D:7      | Reached skill level 12 in Axes
  5769 | D:7      | You fall into a shaft and drop 3 floors!
  5769 | D:10     | Entered Level 10 of the Dungeon
  5769 | D:10     | Found Kufienk's Self-Improvement Boutique.
  5814 | D:10     | Found a staircase to the Orcish Mines.
  5859 | D:10     | Noticed a troll
  5866 | D:10     | Killed a troll
  5867 | D:10     | Reached skill level 1 in Stealth
  5900 | D:10     | Reached skill level 13 in Axes
  6092 | D:10     | Reached XP level 10. HP: 72/86 MP: 10/10
  6238 | D:10     | Identified the amulet "Desanixt" {Reflect +Inv rN++ Int-3
                  | SH+5 Stlth-}
  6543 | D:9      | Identified the +3 scale mail of Wephit {rN+ Int+2}
  6643 | D:9      | Reached skill level 14 in Axes
  6770 | D:9      | Found a white marble altar of Elyvilon.
  6819 | D:9      | Found a snail-covered altar of Cheibriados.
  6927 | D:9      | Found a shadowy altar of Dithmenos.
  6927 | D:9      | Found a hide-covered altar of Uskayaw.
  7373 | D:8      | Identified the +4 dagger "Jiadd" {heavy, rN+ MP-9 Int+3
                  | SInv}
  7621 | D:8      | Found a stormy altar of Qazlal.
  7646 | D:8      | Reached skill level 15 in Axes
  7650 | D:8      | Noticed a two-headed ogre
  7658 | D:8      | Killed a two-headed ogre
  7822 | D:8      | Reached skill level 5 in Shields
  8026 | D:8      | Found a blossoming altar of Fedhas.
  8258 | D:7      | Reached XP level 11. HP: 88/95 MP: 11/11
  8772 | D:11     | Reached skill level 16 in Axes
  9417 | D:11     | Noticed a boulder beetle
  9478 | D:11     | Noticed Fannar
  9491 | D:11     | Killed Fannar
  9509 | D:11     | Killed a boulder beetle
  9510 | D:11     | Noticed Erolcha
  9515 | D:11     | Noticed a centaur warrior
  9515 | D:11     | Killed Erolcha
  9523 | D:11     | Killed a centaur warrior
  9571 | D:11     | Found a sacrificial altar of Ru.
  9600 | D:11     | Found a staircase to the Lair.
  9784 | Lair:1   | Entered Level 1 of the Lair of Beasts
  9864 | Lair:1   | Reached skill level 17 in Axes
 10104 | Lair:1   | Noticed a boulder beetle
 10133 | Lair:1   | Killed a boulder beetle
 10134 | Lair:1   | Reached skill level 10 in Fighting
 10694 | Lair:2   | Found the amulet of Elemental Vulnerability {rPois rF--
                  | rC-- AC+8}
 10715 | Lair:2   | Reached XP level 12. HP: 75/106 MP: 12/12
 10848 | Lair:2   | Reached skill level 18 in Axes
 10853 | Lair:2   | Noticed a boulder beetle
 10863 | Lair:2   | Killed a boulder beetle
 11213 | Lair:2   | Found a staircase to the Swamp.
 11459 | Swamp:1  | Entered Level 1 of the Swamp
 11459 | Swamp:1  | Noticed Nikola
 11459 | Swamp:1  | Noticed a bunyip
 11460 | Swamp:1  | Noticed Louise
 11461 | Swamp:1  | Noticed a five-headed hydra
 11464 | Swamp:1  | Killed a bunyip
 11465 | Swamp:1  | Reached skill level 19 in Axes
 11466 | Swamp:1  | Killed a six-headed hydra
 11469 | Swamp:1  | Noticed Josephine
 11470 | Swamp:1  | Noticed an ice dragon
 11470 | Swamp:1  | Noticed a shambling mangrove
 12199 | Lair:3   | Noticed a five-headed hydra
 12208 | Lair:3   | Killed a nine-headed hydra
 12400 | Lair:3   | Noticed a skyshark
 12405 | Lair:3   | Noticed a skyshark
 12407 | Lair:3   | Noticed a skyshark
 12408 | Lair:3   | Killed a skyshark
 12409 | Lair:3   | Reached skill level 10 in Armour
 12409 | Lair:3   | Reached XP level 13. HP: 92/116 MP: 13/13
 12419 | Lair:3   | Reached skill level 20 in Axes
 12440 | Lair:3   | Found a hole to the Spider Nest.
 12958 | Lair:4   | Found a staircase to the Slime Pits.
 12959 | Lair:4   | Found a viscous altar of Jiyva.
 13106 | Lair:4   | Noticed Nessos
 13115 | Lair:4   | Shot with an arrow by Nessos

Illustrated notes

Levels and vault maps discovered:
D:1:      dpeg_arrival_another_circle, layout_loops_corners, minmay_misc_feat_x,
          kennysheep_boxes
D:2:      layout_loops_ring, shapermc_ecumenical_altar_flowoftime
D:3:      layout_loops_ring, mainiacjoe_overflow_six_doors_small,
          wander_ebering_terrifying_dragon_lair
D:4:      cheibrodos_fertilizer, layout_loops_ring,
          mainiacjoe_overflow_alcove_1, sigmund_edmund_badplayer
D:5:      layout_basic, minmay_temple_entry_statues_pillars, minmay_starry_boxes
D:6:      layout_cave_pools, serial_bayou_pond_e, uniq_duvessa, uniq_pikel
D:7:      layout_rooms
D:8:      layout_basic, mainiacjoe_overflow_catwalk,
          nicolae_qazlal_style_of_elements
D:9:      layout_cross, lemuel_doored_altar, overflow_temple_1_default,
          gammafunk_temple_overflow_elements
D:10:     layout_roguey, david_orc_2, nicolae_shop_self_help
D:11:     layout_loops_corners, grunt_lair_entry_orc_guard_hut,
          nicolae_ru_path_of_blood, uniq_erolcha, uniq_fannar
Lair:1:   layout_cave_pods, grunt_megastairs_4, infiniplex_staircase_pool_2,
          serial_bayou_shore_b
Lair:2:   layout_cave_shapes, swamp_mist, small_statue_intersection
Lair:3:   beargit_carnivore_pack, layout_big_grid,
          hellmonk_spider_entry_not_the_bees
Lair:4:   layout_roguey, slime_entry_1, minivault_24, uniq_nessos
Swamp:1:  layout_basic_swamp, portal_ice_cave_entry_dragon,
          evilmike_swamp_ruin_house_2, swamp_pool1, hangedman_swamp_ravenous,
          uniq_nikola, uniq_louise, uniq_josephine

Skill      XL: |  1  2  3  4  5  6  7  8  9 10 11 12 13 |
---------------+----------------------------------------+-----
Axes           | 3 4 6 7 8 10 13 15 17 19 20 | 20.5
Fighting       | 4 5 6 7 8 10 11 12 | 12.0
Armour         | 4 5 6 7 8 10 | 10.2
Shields        | 4 5 6 |  6.6
Dodging        | 1 2 3 4 |  4.5
Stealth        | 1 |  1.9

Action                     |  1- 3 |  4- 6 |  7- 9 | 10-12 | 13-15 || total
---------------------------+-------+-------+-------+-------+-------++-------
  Melee: War axe           |    87 |    84 |   160 |       |       ||   331
         Executioner's axe |       |       |    68 |   387 |    42 ||   497
    Use: Scroll            |     5 |     7 |     6 |    10 |       ||    28
         Potion            |       |       |     2 |       |     2 ||     4
 Armour: Scale mail        |    32 |    27 |       |   143 |    21 ||   223
         Ice dragon scales |       |    11 |   106 |    17 |       ||   134
  Dodge: Dodged            |    46 |    35 |   203 |   344 |    35 ||   663
  Block: Buckler           |    26 |    16 |    22 |       |       ||    64
         Other             |       |       |       |   102 |    11 ||   113
